 Dungeon Crawl Stone Soup version 0.28-b1-25-g9875b3fc8c (webtiles) character file.

Game seed: 12043869246534777975

46 sanka the Magician (level 3, 0/20 HPs)
             Began as a Deep Elf Transmuter on Feb 7, 2022.
             Slain by Terence (7 damage)
             ... on level 2 of the Dungeon.
             The game lasted 00:02:12 (2184 turns).

sanka the Magician (Deep Elf Transmuter)            Turns: 2184, Time: 00:02:12

Health: 0/20       AC:  2    Str:  7    XL:     3   Next: 46%
Magic:  9/11       EV: 12    Int: 19    God:
Gold:   44         SH:  0    Dex: 15    Spells: 8/12 levels left

rFire   . . .      SeeInvis .     - Unarmed
rCold   . . .      Faith    .   (no shield)
rNeg    . . .      Spirit   .   a - +0 robe
rPois   .          Reflect  .   (no helmet)
rElec   .          Harm     .   (no cloak)
rCorr   .          Rampage  .   (no gloves)
Will    .....                   (no boots)
Stlth   +.........              (no amulet)
HPRegen 0.06/turn               (no ring)
MPRegen 0.12/turn               (no ring)

@: no status effects
A: no striking features
a: no special abilities


You were on level 2 of the Dungeon.
You visited 1 branch of the dungeon, and saw 2 of its levels.

You collected 44 gold pieces.

Inventory:

Armour
 a - a +0 robe (worn)
Scrolls
 b - a scroll of enchant weapon {unknown}
 d - a scroll of teleportation {unknown}
 e - a scroll of silence {unknown}
 f - a scroll of vulnerability {unknown}
Potions
 c - 2 potions of heal wounds {unknown}
 g - a potion of degeneration {unknown}


   Skills:
 + Level 0.7 Fighting
 + Level 2.4 Dodging
 - Level 2.4 Unarmed Combat
 + Level 5.3 Spellcasting
 - Level 2.1 Transmutations


You had 8 spell levels left.
You knew the following spells:

 Your Spells              Type           Power      Damage    Failure   Level
a - Beastly Appendage     Tmut           26%        N/A       4%          1
b - Spider Form           Tmut/Pois      9%         N/A       22%         3

Your spell library contained the following spells:

 Spells                   Type           Power      Damage    Failure   Level
 Wereblood                Tmut           13%        N/A       8%          2
 Ice Form                 Ice/Tmut       9%         N/A       58%         4


Dungeon Overview and Level Annotations

Branches:
Dungeon (2/15)

Altars:

Annotations:
D:2 Terence


Message History

Unknown command.
This spell is extremely dangerous to cast!
Memorise Spider Form, consuming 3 spell levels and leaving 8?
You start memorising the spell.
You continue memorising. x3
You finish memorising.
Spell assigned to 'b'.
Casting: Beastly Appendage (safe; 4% risk of failure)
Confirm with . or Enter, or press ? or * to list all spells.
The spell is extremely dangerous to miscast (22% risk of failure)!
Continue anyway?
You turn into a venomous arachnid creature.
Your +0 robe melds into your body.
Your transformation is almost over.
You climb downwards.
Level annotation: Terence
There is a stone staircase leading up here.
Unknown command.
You hit Terence but do no damage.
Terence is poisoned.
Terence closely misses you.
You hit Terence.
Terence looks as sick as possible!
Terence is lightly wounded.
Terence hits you with a +0 short sword.
You hit Terence but do no damage.
Terence is moderately wounded.
Terence says, "Time to say good-bye..."
Terence completely misses you.
You barely miss Terence.
Terence is moderately wounded.
Your transformation has ended.
Your +0 robe unmelds from your body.
Terence hits you with a +0 short sword.
You hit Terence but do no damage.
Terence is heavily wounded.
Terence hits you with a +0 short sword.
You hit Terence.
Terence is severely wounded.
Terence hits you with a +0 short sword.
You hit Terence but do no damage.
Terence is severely wounded.
Terence closely misses you.
There is a stone staircase leading up here.
Terence hits you with a +0 short sword!
You die...

#. #.
#. ##
###
####.#
#@@..#
####.#
#.#
#.#
#.#
#.#
###
#.#
#.@
#.#
#.#
#.#
#.#


You could see Terence (very poisoned).

Vanquished Creatures
  An adder (D:2)
  A worm (D:2)
  A dart slug (D:1)
  4 endoplasms
  4 goblins
  3 hobgoblins
  3 jackals (D:2)
  A quokka (D:2)
  3 ball pythons
  4 bats (D:1)
  2 frilled lizards (D:1)
  2 kobolds (D:1)
  2 rats (D:1)
31 creatures vanquished.

Notes
Turn   | Place    | Note
-------+----------+-------------------------------------------
     0 | D:1      | sanka the Deep Elf Transmuter began the quest for the Orb.
     0 | D:1      | Reached XP level 1. HP: 11/11 MP: 6/6
   630 | D:1      | Reached skill level 4 in Spellcasting
   630 | D:1      | Reached XP level 2. HP: 15/16 MP: 7/9
  1482 | D:2      | Reached skill level 5 in Spellcasting
  1482 | D:2      | Reached XP level 3. HP: 14/20 MP: 8/11
  2091 | D:2      | Noticed Terence
  2170 | D:1      | Learned a level 3 spell: Spider Form
  2184 | D:2      | Slain by Terence

Illustrated notes

Levels and vault maps discovered:
D:1:      scummos_arrival_simple_fountains, layout_basic
D:2:      layout_basic, solitary_fountain, uniq_terence

Skill      XL: |  1  2 |
---------------+-------+-----
Spellcasting   | 4 5 |  5.3
Fighting       | |  0.7
Dodging        | |  2.4
Unarmed Combat | |  2.4
Transmutations | |  2.1

Action                   || total
-------------------------++-------
Melee: Unarmed           ||   103
       Kick              ||    33
       Headbutt          ||    14
       Punch             ||     1
 Cast: Beastly Appendage ||    22
       Spider Form       ||     1
Armor: Robe              ||    17
Dodge: Dodged            ||    62
